 Dungeon Crawl Stone Soup version 0.19.1-1-g22dce08 (webtiles) character file.

393 Peloso the Slasher (level 6, -16/50 (52) HPs)
             Began as a Ghoul Gladiator on Dec 31, 2016.
             Was an Initiate of Okawaru.
             Demolished by an ogre
             ... wielding a +0 giant spiked club
              (23 damage)
             ... on level 4 of the Dungeon.
             The game lasted 00:08:40 (2903 turns).

Peloso the Slasher (Ghoul Gladiator)                Turns: 2903, Time: 00:08:40

HP:   -16/50 (52)   AC: 16    Str: 19    XL:     6   Next: 81%
MP:   5/5           EV:  6    Int:  7    God:    Okawaru [......]
Gold: 221           SH:  0    Dex: 11    Spells: 0 memorised, 5 levels left

rFire  . . .     SeeInvis .     s - +3 long sword
rCold  + . .     Gourm    .     m - +1 plate armour
rNeg   + + +     Faith    .     (no shield)
rPois  ∞         Spirit   .     t - +1 helmet
rElec  .         Reflect  .     p - +1 cloak
rCorr  .         Harm     .     (no gloves)
MR     .....                    (no boots)
Stlth  ..........               e - amulet of magic regeneration
                                (no ring)
                                o - +4 ring of intelligence

@: rotting
A: rotting body, claws 1, carnivore 3, cold resistance 1, negative energy
resistance 3, slow regeneration 1, torment resistance, unbreathing
a: Renounce Religion


You were on level 4 of the Dungeon.
You worshipped Okawaru.
Okawaru was noncommittal.
You were hungry.

You visited 2 branches of the dungeon, and saw 6 of its levels.

You collected 221 gold pieces.

Inventory:

Hand Weapons
 a - a +0 long sword
 s - a +3 long sword (weapon)
Missiles
 d - 3 throwing nets (quivered)
Armour
 b - a +0 leather armour
 m - a +1 plate armour (worn)
 p - a +1 cloak (worn)
 t - a +1 helmet (worn)
Jewellery
 e - an amulet of magic regeneration (around neck)
 o - a +4 ring of intelligence (left claw)
Scrolls
 h - 5 scrolls of remove curse
 q - a scroll of enchant weapon {unknown}
 r - 2 scrolls of amnesia
Potions
 g - a potion of agility
 i - a potion of beneficial mutation
 l - 4 potions of mutation {unknown}
 n - a potion of curing {unknown}
Comestibles
 f - 2 meat rations
 k - 2 beef jerkies
 u - a royal jelly


   Skills:
 + Level 3.8 Fighting
 + Level 4.9 Long Blades
 + Level 1.8 Throwing
 + Level 2.2 Armour
 + Level 3.4 Dodging
 + Level 1.3 Stealth


You had 5 spell levels left.
You didn't know any spells.

Dungeon Overview and Level Annotations

Branches:
Dungeon (5/15)             Temple (1/1) D:4

Altars:
Ashenzari
Cheibriados
Dithmenos
Elyvilon
Fedhas
Gozag
Hepliaklqana
Kikubaaqudgha
Makhleb
Nemelex Xobeh
Okawaru
Ru
Sif Muna
Uskayaw
Vehumet
Yredelemnul
Zin
The Shining One

Shops:
D:4 *


Innate Abilities, Weirdness & Mutations

Your body is rotting away.
You thrive on raw meat.
You are immune to poison.
You have sharp fingernails.
You are carnivorous and can eat meat at any time.
Your flesh is cold resistant. (rC+)
You are immune to negative energy. (rN+++)
You regenerate slowly when monsters are visible.
You are immune to unholy pain and torment.
You can survive without breathing.


Message History

Beogh smites you! The ogre barely misses you.
You climb upwards.
There is a stone staircase leading down, spattered with blood here.
Items here: ( )) [ a stone; a club; an animal skin; a mace of protection Your plate armour prevents you from hitting the orc wizard.
The orc wizard hits you but does no damage.
The orc hits you but does no damage.
Unknown command.
You hit the orc wizard but do no damage.
The ogre hits you with a giant spiked club!
* * * LOW HITPOINT WARNING * * *
The orc wizard points at you and mumbles some strange words.
The puff of frost misses you.
The puff of frost hits the orc.
The orc dies!
Unknown command.
You closely miss the orc wizard.
The orc wizard hits you but does no damage.
The ogre hits you with a giant spiked club!!
You die...

........# #.#
#.# #####....
.......## #.#
#.# #........
##...### #.# #.#
#.###(... #...#
#.# #.# ######.#
####. ##.## #.#
#.###...##.# #.
#.# #.#
#>......##.# #.
#.# #.#
##....<....# ##
#.#
#.####O###.#####
# #.#
#..(o@).....# #
#.#
##.#######..# #
#.# #.# #..#
###### #.# #.#
#..#####...##
#.#########.#
#.........#.#
#...........#
##.###.##.##.
#############
#.###>##....
#....[......
######.###.#


You could see an ogre and an orc wizard.

Vanquished Creatures
  An ogre (D:4)
  A scorpion (D:4)
  An orc wizard (D:4)
  Jessica (D:2)
  Robin (D:4)
  9 adders
  3 oozes
  2 worms
  A dart slug (D:1)
  3 leopard geckos
  8 orcs
  10 bats
  14 goblins
  8 hobgoblins
  4 jackals (D:1)
  5 kobolds
  2 quokkas
  4 ball pythons
  5 frilled lizards
  A quokka skeleton (D:4)
  9 rats
93 creatures vanquished.

Vanquished Creatures (others)
  An orc (D:4)
1 creature vanquished.

Grand Total: 94 creatures vanquished

Notes
Turn   | Place    | Note
-------+----------+-------------------------------------------
     0 | D:1      | Peloso the Ghoul Gladiator began the quest for the Orb.
     0 | D:1      | Reached XP level 1. HP: 17/17 MP: 0/0
   165 | D:1      | Reached XP level 2. HP: 20/25 MP: 1/1
   327 | D:1      | Reached skill level 3 in Long Blades
   364 | D:1      | Reached XP level 3. HP: 15/30 MP: 2/2
   857 | D:2      | Found a blossoming altar of Fedhas.
   922 | D:2      | Reached skill level 1 in Armour
   942 | D:2      | Noticed Jessica
   963 | D:2      | Reached XP level 4. HP: 28/36 MP: 3/3
   975 | D:2      | Killed Jessica
  1479 | D:3      | Reached XP level 5. HP: 42/45 MP: 4/4
  1650 | D:3      | Found a white marble altar of Elyvilon.
  1650 | D:3      | Found a glowing silver altar of Zin.
  1651 | D:3      | Found an opulent altar of Gozag.
  1749 | D:3      | Reached skill level 1 in Stealth
  1822 | D:3      | Reached skill level 4 in Long Blades
  1921 | D:4      | Found a staircase to the Ecumenical Temple.
  1921 | D:4      | Noticed Robin
  1952 | D:4      | Killed Robin
  1996 | Temple   | Entered the Ecumenical Temple
  2018 | Temple   | Became a worshipper of Warmaster Okawaru
  2190 | D:4      | Found Nane's Serpentskin Sales.
  2199 | D:4      | Reached XP level 6. HP: 51/51 MP: 5/5
  2389 | D:4      | Found a shattered altar of Ashenzari.
  2677 | D:5      | Entered Level 5 of the Dungeon
  2903 | D:4      | Demolished by an ogre

Skill      XL: |  1  2  3  4  5  6 |
---------------+-------------------+-----
Dodging        | 3 |  3.4
Long Blades    | 3 4 |  4.9
Armour         | 1 2 |  2.2
Fighting       | 3 |  3.8
Stealth        | 1 |  1.3
Throwing       | |  1.8

Action                   |  1- 3 |  4- 6 || total
-------------------------+-------+-------++-------
Melee: Long sword        |    93 |   170 ||   263
  Use: Scroll            |       |     9 ||     9
  Eat: Chunk             |     2 |     4 ||     6
Armor: Leather armour    |    34 |       ||    34
       Plate armour      |    28 |   144 ||   172
Dodge: Dodged            |    83 |    80 ||   163
       Rpst.: Long sword |    28 |    25 ||    53
